 Dungeon Crawl Stone Soup version 0.18.1-8-gdd0e5ea (webtiles) character file.

456 georgeearnest the Nimble (level 6, -2/32 HPs)
             Began as a Spriggan Warper on May 21, 2016.
             Was a Follower of Yredelemnul.
             Slain by Duvessa
             ... wielding a +1 short sword of venom
              (10 damage)
             ... on level 3 of the Dungeon.
             The game lasted 00:16:16 (4104 turns).

georgeearnest the Nimble (Spriggan Warper)          Turns: 4104, Time: 00:16:19

Health: -2/32      AC: 10    Str:  7    XL:     6   Next: 77%
Magic:  11/11      EV: 27    Int: 15    God:    Yredelemnul [*.....]
Gold:   156        SH:  0    Dex: 17    Spells: 2 memorised, 7 levels left

rFire  . . .     SeeInvis +     j - +0 short sword (protect)
rCold  . . .     Gourm    .     b - +0 robe
rNeg   . . .     Faith    .     (shield restricted)
rPois  .         Spirit   .     (helmet restricted)
rElec  .         Dismiss  .     l - +2 cloak
rCorr  .         Reflect  .     (gloves unavailable)
SustAt .         Harm     .     (boots unavailable)
MR     +....                    (no amulet)
Stlth  ++........               (no ring)
                                y - +2 ring of evasion

@: lethally poisoned (-2 -> -11), very quick, somewhat resistant to hostile
enchantments, unstealthy
A: unfitting armour, see invisible, herbivore 3, speed 3, slow metabolism 2
a: Animate Remains, Renounce Religion


You were on level 3 of the Dungeon.
You worshipped Yredelemnul.
Yredelemnul was aware of your devotion.
You were full.

You visited 1 branch of the dungeon, and saw 4 of its levels.

You collected 156 gold pieces.

Inventory:

Hand Weapons
 a - a +0 short sword
 e - a +1 rapier of holy wrath
 j - a +0 short sword of protection (weapon)
Armour
 b - a +0 robe (worn)
 l - a +2 cloak (worn)
 q - a +0 animal skin
 r - a +0 helmet
Jewellery
 y - a +2 ring of evasion (left hand)
Wands
 v - a wand of iceblast (4/15)
Scrolls
 d - 2 scrolls of blinking
 g - a scroll of recharging
 p - a scroll of noise
 u - a scroll of enchant armour
 x - a scroll of immolation
 z - a scroll of remove curse
Potions
 h - a potion of might {unknown}
 k - a potion of cancellation
 m - a potion of cure mutation {unknown}
 n - a potion of flight {unknown}
 o - a potion of mutation {unknown}
 s - a potion of resistance {unknown}
 t - a potion of lignification {unknown}
 w - a potion of brilliance
Books
 c - a book of Spatial Translocations

   Spells                             Type                      Level
   a - Apportation                    Translocation                1
   b - Blink                          Translocation                2
   c - Shroud of Golubria             Charms/Translocation         2
   d - Portal Projectile              Translocation                3
   e - Teleport Other                 Translocation                3
   f - Passage of Golubria            Translocation                4
Comestibles
 f - 5 bread rations


   Skills:
 * Level 2.7 Fighting
 + Level 3.2 Short Blades
 + Level 1.1 Throwing
 * Level 9.1 Dodging
 + Level 2.7 Spellcasting
 + Level 4.7 Translocations
 + Level 0.6 Evocations


You had 7 spell levels left.
You knew the following spells:

 Your Spells              Type           Power        Failure   Level  Hunger
a - Apportation           Tloc           ###.......   3%          1    #......
b - Blink                 Tloc           N/A          6%          2    ##.....


Dungeon Overview and Level Annotations

Branches:
Dungeon (4/15)
 Temple: D:4-7

Altars:
Dithmenos
Elyvilon
Yredelemnul

Annotations:
D:2 Sigmund
D:3 Duvessa


Innate Abilities, Weirdness & Mutations

You are tiny and cannot use many weapons and most armour.
You have supernaturally acute eyesight.
You are a herbivore.
You cover ground extremely quickly.
You need consume almost no food.


Message History

You feel sick.
You feel sick.
You feel sick.
There is a stone staircase leading up here.
You feel sick. Duvessa misses you. Duvessa completely misses you.
You climb upwards.
You feel sick.
There is a stone staircase leading down here.
Drink which item? (? for menu, Esc to quit)
Okay, then.
You hit Duvessa but do no damage.
Duvessa is almost dead.
* * * LOW HITPOINT WARNING * * *
You feel sick. Duvessa completely misses you.
You closely miss Duvessa.
Duvessa is almost dead.
* * * LOW HITPOINT WARNING * * *
You feel sick. Duvessa misses you.
Duvessa hits you with a short sword of venom!
You die...
Your body rises from the dead as a mindless zombie.

...^....###.#....................
##'#...................######.###
.#.#....###.##.###...#.##...#.###
.#......# #.##.# #...#.##...#....
.###....###.##.###...#.##...#..##
.†).........#...............#..#.
######################.........#.
................e##.........##...
##.....#########@##.############.
#.....# #.##.#############
#.....# #.##..............
####### #.####..........##
#...............+.
##..............##
#.###............ #)#
#...........# #.# #............


You could see Duvessa (berserk).

Vanquished Creatures
  Eustachio (D:4)
  A scorpion (D:4)
  Dowan (D:4)
  A hound (D:4)
  Ijyb (D:2)
  Robin (D:2)
  6 adders
  A worm (D:3)
  4 giant geckos
  3 orcs
  4 giant cockroaches
  8 hobgoblins
  13 jackals
  2 quokkas
  8 bats
  2 giant newts
  15 goblins
  7 kobolds
  7 rats
  A spectral orc (D:2)
87 creatures vanquished.

Notes
Turn   | Place    | Note
--------------------------------------------------------------
     0 | D:1      | georgeearnest the Spriggan Warper began the quest for the Orb.
     0 | D:1      | Reached XP level 1. HP: 10/10 MP: 5/5
   613 | D:1      | Reached XP level 2. HP: 15/15 MP: 6/6
   642 | D:1      | Reached skill level 4 in Dodging
  1201 | D:1      | Learned a level 2 spell: Blink
  1622 | D:1      | Reached XP level 3. HP: 13/18 MP: 8/8
  1902 | D:2      | Reached skill level 5 in Dodging
  2062 | D:2      | Reached XP level 4. HP: 23/23 MP: 9/9
  2138 | D:2      | Noticed Robin
  2158 | D:2      | Killed Robin
  2158 | D:2      | Reached skill level 6 in Dodging
  2316 | D:2      | Found a white marble altar of Elyvilon.
  2397 | D:2      | Found a basalt altar of Yredelemnul.
  2413 | D:2      | Became a worshipper of Yredelemnul the Dark
  2660 | D:2      | Noticed Ijyb
  2760 | D:2      | Killed Ijyb
  2760 | D:2      | Reached XP level 5. HP: 27/27 MP: 10/10
  2904 | D:2      | Noticed Sigmund
  3096 | D:3      | Found a faded altar to an unknown god.
  3316 | D:3      | Reached * piety under Yredelemnul
  3666 | D:3      | Found a shadowy altar of Dithmenos.
  3729 | D:3      | Reached skill level 7 in Dodging
  3940 | D:4      | HP: 1/27 [poisoned by a scorpion]
  3969 | D:4      | Noticed Eustachio
  4054 | D:4      | Reached XP level 6. HP: 32/32 MP: 11/11
  4081 | D:4      | Killed Eustachio
  4081 | D:4      | Reached skill level 8 in Dodging
  4083 | D:4      | Noticed Dowan
  4084 | D:4      | Noticed Duvessa
  4089 | D:4      | Killed Dowan
  4089 | D:4      | Reached skill level 9 in Dodging
  4104 | D:3      | Slain by Duvessa

Skill      XL: |  1  2  3  4  5  6 |
---------------+-------------------+-----
Dodging        | 4 5 6 7 9 |  9.1
Fighting       | 2 |  2.7
Short Blades   | 3 |  3.2
Throwing       | |  1.1
Spellcasting   | |  2.7
Translocations | |  4.7
Evocations     | |  0.6

Action                   |  1- 3 |  4- 6 || total
-------------------------+-------+-------++-------
Melee: Short sword       |   220 |   289 ||   509
Throw: Tomahawk          |       |     5 ||     5
 Cast: Blink             |     1 |       ||     1
Evoke: Wand              |       |     6 ||     6
  Use: Scroll            |       |     6 ||     6
       Potion            |       |     4 ||     4
 Stab: Sleeping          |     1 |     2 ||     3
  Eat: Bread ration      |       |     1 ||     1
Armor: Robe              |    38 |    51 ||    89
Dodge: Dodged            |   213 |   294 ||   507
